 Dungeon Crawl Stone Soup version 0.30-a0-585-g93115170b9 (webtiles) character file.

Game seed: 15909335280901192103

460 themarg the Insei (level 7, 0/52 HPs)
             Began as a Gnoll Transmuter on Jan 3, 2023.
             Was a Believer of Fedhas.
             Slain by Duvessa
             ... wielding a +0 rapier
              (20 damage)
             ... on level 4 of the Dungeon.
             The game lasted 00:08:25 (3328 turns).

themarg the Insei (Gnoll Transmuter)                Turns: 3328, Time: 00:08:25

Health: 0/52       AC:  2    Str: 10    XL:     7   Next: 7%
Magic:  0/15       EV: 13    Int: 14    God:    Fedhas [**....]
Gold:   184        SH:  0    Dex: 12    Spells: 11/17 levels left

rFire   . . .      SeeInvis .    c - +0 dagger
rCold   . . .      Faith    .    (no shield)
rNeg    . . .      Spirit   +    a - +0 robe
rPois   .          Reflect  .    (no helmet)
rElec   .          Harm     .    (no cloak)
rCorr   .          Rampage  .    (no gloves)
Will    .....                    (no boots)
Stlth   ++                       t - amulet of guardian spirit
HPRegen 0.28/turn                (no ring)
MPRegen 0.14/turn                (no ring)

@: no status effects
A: fangs 1, strong nose, distributed training
a: Renounce Religion, Wall of Briars


You were on level 4 of the Dungeon.
You worshipped Fedhas.
Fedhas was pleased with you.
You visited 1 branch of the dungeon, and saw 4 of its levels.

You collected 206 gold pieces.
You spent 22 gold pieces at shops.

Inventory:

Hand Weapons
 c - a +0 dagger (weapon)
Missiles
 g - 27 stones
 i - 13 poisoned darts
 s - 6 boomerangs of dispersal
Armour
 a - a +0 robe (worn)
 y - the +1 scale mail of Shadows and Fog {+Blink Will+}
   (You found it on level 4 of the Dungeon)

   +Blink:    It lets you blink.
   Will:      It increases your willpower.
Jewellery
 d - an amulet of the acrobat
 k - an amulet of reflection
 t - an amulet of guardian spirit (around neck)
Scrolls
 f - a scroll of acquirement {unknown}
 l - 2 scrolls of magic mapping
 o - a scroll of enchant weapon {unknown}
 p - 2 scrolls of immolation {unknown}
 u - a scroll of poison {unknown}
 w - a scroll of noise {unknown}
 x - 2 scrolls of identify
 A - a scroll of teleportation {unknown}
Potions
 b - a potion of lignification
 e - 3 potions of brilliance
 h - a potion of heal wounds
 j - 2 potions of curing
 m - a potion of berserk rage {unknown}
 n - 2 potions of might
 q - a potion of resistance {unknown}
 r - 2 potions of attraction {unknown}
 v - a potion of magic {unknown}
 z - a potion of mutation {unknown}


   Skills:
 + Level 3.5 Fighting
 + Level 2.3 Short Blades
 + Level 2.3 Long Blades
 + Level 2.3 Axes
 + Level 2.3 Maces & Flails
 + Level 2.3 Polearms
 + Level 2.3 Staves
 + Level 2.3 Ranged Weapons
 + Level 2.3 Throwing
 + Level 2.3 Armour
 + Level 5.1 Dodging
 + Level 2.3 Stealth
 + Level 2.3 Shields
 + Level 7.0 Unarmed Combat
 + Level 5.5 Spellcasting
 + Level 1.9 Conjurations
 + Level 1.9 Hexes
 + Level 1.9 Summonings
 + Level 1.9 Necromancy
 + Level 1.9 Translocations
 + Level 4.2 Transmutations
 + Level 1.9 Fire Magic
 + Level 1.9 Ice Magic
 + Level 1.9 Air Magic
 + Level 1.9 Earth Magic
 + Level 1.9 Poison Magic
 + Level 2.5 Invocations
 + Level 2.3 Evocations


You had 11 spell levels left.
You knew the following spells:

 Your Spells              Type           Power      Damage    Failure   Level
a - Beastly Appendage     Tmut           30%        N/A       2%          1
b - Wereblood             Tmut           15%        N/A       4%          2
c - Spider Form           Tmut/Pois      12%        N/A       14%         3

Your spell library contained the following spells:

 Spells                   Type           Power      Damage    Failure   Level
 Call Canine Familiar     Summ           9%         N/A       22%         3
 Ozocubu's Armour         Ice            9%         N/A       22%         3
 Portal Projectile        Hex/Tloc       18%        N/A       22%         3
 Ice Form                 Ice/Tmut       12%        N/A       43%         4
 Leda's Liquefaction      Hex/Erth       4%         N/A       58%         4
 Fireball                 Conj/Fire      4%         3d4       91%         5
 Iskenderun's Battlesphe  Conj           9%         2d6       91%         5
 Metabolic Englaciation   Hex/Ice        4%         N/A       91%         5
 Conjure Ball Lightning   Conj/Air       4%         3x3d6     100%        6
 Simulacrum               Ice/Necr       4%         N/A       100%        6
 Orb of Destruction       Conj           4%         9d5       100%        7


Dungeon Overview and Level Annotations

Branches:
Dungeon (4/15)             Temple (0/1) D:4

Altars:
Fedhas

Shops:
D:1 *

Annotations:
D:4 Duvessa


Innate Abilities, Weirdness & Mutations

You have very sharp teeth.
Your uncanny sense of smell can sniff out nearby items.
Your experience applies equally to all skills.


Message History

Dowan is almost dead.
Your transformation is almost over.
You kill Dowan!
Fedhas appreciates your contribution to the ecosystem.
You hear a distant scream of rage.
Your Unarmed Combat skill increases to level 7!
You have reached level 7!
z - a murky clear potion;
A - a scroll labelled JUGAPHO DANUIC
Things that are here:
a +0 dagger; a +0 robe; the elf corpse of Dowan Duvessa, Sister of Dowan comes into view.
She is wielding a +0 rapier.
Duvessa shouts!
Duvessa goes berserk!
Duvessa barely misses you.
You hit Duvessa but do no damage.
Duvessa is poisoned.
Duvessa closely misses you. x2
You completely miss Duvessa. Duvessa hits you with a +0 rapier!
You hit Duvessa but do no damage.
Duvessa looks as sick as possible!
Duvessa is lightly wounded.
Duvessa hits you with a +0 rapier!
You hit Duvessa but do no damage.
Duvessa looks as sick as possible!
Duvessa is lightly wounded.
Duvessa barely misses you.
You barely miss Duvessa.
Duvessa is lightly wounded.
Duvessa hits you with a +0 rapier! Duvessa barely misses you.
You hit Duvessa but do no damage.
Duvessa looks as sick as possible!
Duvessa is lightly wounded.
Duvessa closely misses you.
You hit Duvessa.
Duvessa looks as sick as possible!
Duvessa is lightly wounded.
Your transformation has ended.
Your +0 dagger unmelds from your body.
Your +0 robe unmelds from your body.
Duvessa hits you with a +0 rapier!!
* * * LOW HITPOINT WARNING * * *
You don't have enough magic to cast this spell.
You feel much better. Duvessa hits you with a +0 rapier.
Duvessa hits you with a +0 rapier!!
You die...
Fedhas appreciates your contribution to the ecosystem.

#........ #.......#
###..##.. ##..#....
##........ ###
##......... ##...
##..........
#.....#######...........
......e@.)..............
......#########.........
..... ##........ ....
##....... ... ##.....#
#. ##..... # ##....
##... #...


You could see Duvessa (berserk, extremely poisoned).

Vanquished Creatures
  An ogre (D:3)
  A phantom (D:4)
  A scorpion (D:3)
  Dowan (D:4)
  An iguana (D:3)
  Terence (D:3)
  An orc wizard (D:3)
  5 adders
  2 worms
  2 dart slugs
  5 orcs (D:3)
  6 bats
  6 endoplasms
  5 giant cockroaches
  3 goblins
  2 hobgoblins
  3 jackals (D:2)
  4 quokkas
  A ball python (D:1)
  2 frilled lizards (D:3)
  6 kobolds
  5 rats
64 creatures vanquished.

Notes
Turn   | Place    | Note
-------+----------+-------------------------------------------
     0 | D:1      | themarg the Gnoll Transmuter began the quest for the Orb.
     0 | D:1      | Reached XP level 1. HP: 17/17 MP: 6/6
    34 | D:1      | Found a faded altar of an unknown god.
    46 | D:1      | Prayed at the altar of an unknown god.
    46 | D:1      | Became a worshipper of Fedhas Madash
    46 | D:1      | Reached * piety under Fedhas
   332 | D:1      | Reached XP level 2. HP: 21/23 MP: 5/7
   335 | D:1      | Learned a level 2 spell: Wereblood
   488 | D:1      | Found Zuacwot's General Store.
   494 | D:1      | Bought a scroll of identify for 22 gold pieces
   784 | D:2      | Reached skill level 5 in Spellcasting
   784 | D:2      | Reached XP level 3. HP: 26/28 MP: 6/9
   788 | D:2      | Learned a level 3 spell: Spider Form
   854 | D:2      | Reached skill level 1 in Invocations
   936 | D:2      | Reached ** piety under Fedhas
   955 | D:2      | Reached skill level 1 in Short Blades
   955 | D:2      | Reached skill level 1 in Long Blades
   955 | D:2      | Reached skill level 1 in Axes
   955 | D:2      | Reached skill level 1 in Maces & Flails
   955 | D:2      | Reached skill level 1 in Polearms
   955 | D:2      | Reached skill level 1 in Staves
   955 | D:2      | Reached skill level 1 in Ranged Weapons
   955 | D:2      | Reached skill level 1 in Throwing
   955 | D:2      | Reached skill level 1 in Armour
   955 | D:2      | Reached skill level 1 in Stealth
   955 | D:2      | Reached skill level 1 in Shields
   955 | D:2      | Reached skill level 1 in Evocations
  1027 | D:2      | Reached XP level 4. HP: 34/34 MP: 2/11
  1495 | D:3      | Noticed an ogre
  1504 | D:3      | Killed an ogre
  1505 | D:3      | Reached skill level 1 in Conjurations
  1505 | D:3      | Reached skill level 1 in Hexes
  1505 | D:3      | Reached skill level 1 in Summonings
  1505 | D:3      | Reached skill level 1 in Necromancy
  1505 | D:3      | Reached skill level 1 in Translocations
  1505 | D:3      | Reached skill level 1 in Fire Magic
  1505 | D:3      | Reached skill level 1 in Ice Magic
  1505 | D:3      | Reached skill level 1 in Air Magic
  1505 | D:3      | Reached skill level 1 in Earth Magic
  1505 | D:3      | Reached skill level 1 in Poison Magic
  1505 | D:3      | Reached XP level 5. HP: 41/41 MP: 9/12
  1541 | D:3      | Noticed Terence
  1549 | D:3      | Killed Terence
  2029 | D:3      | Found a blossoming altar of Fedhas.
  2154 | D:3      | Reached XP level 6. HP: 47/47 MP: 9/13
  2228 | D:3      | Reached skill level 5 in Dodging
  3128 | D:4      | Found a staircase to the Ecumenical Temple.
  3271 | D:4      | Identified the +1 scale mail of Shadows and Fog {+Blink
                  | Will+}
  3304 | D:4      | Noticed Dowan
  3316 | D:4      | Killed Dowan
  3317 | D:4      | Reached skill level 7 in Unarmed Combat
  3317 | D:4      | Reached XP level 7. HP: 46/52 MP: 10/15
  3318 | D:4      | Noticed Duvessa
  3327 | D:4      | HP: 2/52 [Duvessa/+0 rapier (16)]
  3328 | D:4      | Slain by Duvessa

Illustrated notes

Levels and vault maps discovered:
D:1:      moated_graveyard_arrival, layout_loops_ring,
          ebering_ecumenical_altar_petrified, serial_shops, shop
D:2:      layout_rooms
D:3:      minmay_skewed_foursquare, layout_loops_corners,
          fedhas_altar_fruit_tree, corexii_item_surrounded_by_moat, uniq_terence
D:4:      layout_cave_pods, minmay_temple_entry_overgrown, minmay_distorted,
          uniq_duvessa

Skill      XL: |  1  2  3  4  5  6 |
---------------+-------------------+-----
Spellcasting   | 5 |  5.5
Invocations    | 1 2 |  2.5
Short Blades   | 1 2 |  2.3
Long Blades    | 1 2 |  2.3
Axes           | 1 2 |  2.3
Maces & Flails | 1 2 |  2.3
Polearms       | 1 2 |  2.3
Staves         | 1 2 |  2.3
Ranged Weapons | 1 2 |  2.3
Throwing       | 1 2 |  2.3
Armour         | 1 2 |  2.3
Stealth        | 1 2 |  2.3
Shields        | 1 2 |  2.3
Evocations     | 1 2 |  2.3
Fighting       | 3 |  3.5
Conjurations   | 1 |  1.9
Hexes          | 1 |  1.9
Summonings     | 1 |  1.9
Necromancy     | 1 |  1.9
Translocations | 1 |  1.9
Transmutations | 4 |  4.2
Fire Magic     | 1 |  1.9
Ice Magic      | 1 |  1.9
Air Magic      | 1 |  1.9
Earth Magic    | 1 |  1.9
Poison Magic   | 1 |  1.9
Dodging        | 5 |  5.1
Unarmed Combat | 7 |  7.0

Action                   |  1- 3 |  4- 6 |  7- 9 || total
-------------------------+-------+-------+-------++-------
Melee: Dagger            |    53 |     1 |       ||    54
       Kick              |    16 |       |       ||    16
       Bite              |     4 |       |       ||     4
       Headbutt          |     6 |       |       ||     6
       Unarmed           |    12 |    99 |     7 ||   118
 Cast: Beastly Appendage |    15 |       |       ||    15
       Spider Form       |     3 |    26 |       ||    29
       Wereblood         |     3 |       |       ||     3
  Use: Scroll            |     2 |     3 |       ||     5
       Potion            |       |       |     1 ||     1
 Stab: Sleeping          |     1 |     2 |       ||     3
       Distracted        |       |     1 |       ||     1
Armor: Robe              |     5 |       |       ||     5
       Skin              |     1 |     2 |       ||     3
Dodge: Dodged            |    49 |    68 |     6 ||   123

Table legend: (Time is in decaauts)
 A = Elapsed time spent in this place.
 B = Non-inter-level travel time spent in this place.
 C = Inter-level travel time spent in this place.
 D = Time resting spent in this place.
 E = Time spent auto-exploring this place.
 F = Levels seen in this place.
 G = Mean time per level.
                   A        B        C        D        E       F      G
               +--------+--------+--------+--------+--------+-----+--------+
         Total |   3311 |   3212 |     99 |     40 |   2590 |   4 |  827.8 |
       Dungeon |   3311 |   3212 |     99 |     40 |   2590 |   4 |  827.8 |
               +--------+--------+--------+--------+--------+-----+--------+

Top non-repeatable levels by time:
     D:3: 1283 daAuts
     D:1: 702 daAuts
     D:2: 697 daAuts
     D:4: 628 daAuts
